AoeStats
← ICMW-Falco

Marketplace

506597974Analyzed
1v1 RM · 18d ago on Sep 14, 2026· 33m 17s· 2 players
Game mode
Random Map
Map size
Tiny (2 player)
Population
200
Speed
Normal
Resources
Standard
Victory
Conquest
Starting age
Dark Age
Ending age
Imperial Age
RankedLock teamsTeams togetherTeam positionsShared explorationLock speedFull tech treeHidden civsTurbo modeCheats
Victory
Defeat
🇹🇷 Malians · Türkiye
1392
+15
🇫🇷 Franks · France
1374
-15
letmok
7:34 Loom
9:50 Feudal Age
10:37 Double-Bit Axe
12:01 Forging
12:41 Scale Barding Armor
ICMW-Falco
5:48 Loom
9:27 Feudal Age
21:45 Fletching
27:07 Scale Barding Armor
33:11 Castle Age
32:24 Double-Bit Axe
32:21 Horse Collar
Connection lost

Rejoining the realm…

Still unreachable

The connection could not be restored.

Session expired

The server has moved on; the page needs a fresh start.